 Dungeon Crawl Stone Soup version 0.23.1 (webtiles) character file.

Game seed: 8850307437004353502

3395 LabCoat the Cleaver (level 10, -9/84 HPs)
             Began as a Hill Orc Fighter on Mar 6, 2019.
             Was a Believer of Trog.
             Mangled by an orc warlord
             ... wielding a +5 battleaxe of freezing
              (59 damage)
             ... in a bailey.
             The game lasted 00:38:31 (7727 turns).

LabCoat the Cleaver (Hill Orc Fighter)              Turns: 7727, Time: 00:38:34

Health: -9/84      AC: 14    Str: 21    XL:     10   Next: 4%
Magic:  10/10      EV:  4    Int:  8    God:    Trog [**....]
Gold:   64         SH: 11    Dex: 12    Spells: 9/9 levels left

rFire    . . .     SeeInvis .   D - +0 broad axe
rCold    . . .     Gourm    .   c - +1 shield
rNeg     . . .     Faith    .   C - +0 plate armour
rPois    .         Spirit   .   g - +0 helmet
rElec    .         Reflect  .   (no cloak)
rCorr    .         Harm     .   (no gloves)
MR       .....                  (no boots)
Stlth    ..........             (no amulet)
HPRegen  0.24/turn              (no ring)
MPRegen  0.12/turn              (no ring)

@: berserk cooldown, slowed, very slow
A: no striking features
a: Berserk, Trog's Hand, Renounce Religion


You were in a bailey.
You worshipped Trog.
Trog was pleased with you.
You were near starving.

You visited 1 branch of the dungeon, and saw 7 of its levels.
You also visited: Bailey.

You collected 336 gold pieces.
You spent 272 gold pieces at shops.

Inventory:

Hand Weapons
 a - a +0 war axe
 p - a cursed -3 whip
 q - a +0 morningstar
 y - a +2 flail of draining
 D - a +0 broad axe (weapon)
Missiles
 k - 5 tomahawks of dispersal
 x - 5 tomahawks (quivered)
Armour
 c - a +1 shield (worn)
 g - a +0 helmet (worn)
 l - a +0 large shield
 m - a +0 chain mail
 C - a +0 plate armour (worn)
Wands
 v - a wand of enslavement (6)
 B - a wand of random effects (13)
Scrolls
 d - a scroll of magic mapping
 h - 5 scrolls of enchant weapon
 i - 3 scrolls of remove curse
 o - 6 scrolls of teleportation
 r - a scroll of amnesia
 w - 3 scrolls of blinking
 z - a scroll of immolation {unknown}
Potions
 b - 3 potions of magic
 e - 3 potions of resistance
 n - 3 potions of curing
 s - a potion of haste
 t - a potion of agility
 u - a potion of flight
 A - a potion of brilliance {unknown}
 E - 2 potions of heal wounds
Comestibles
 f - 10 rations
 j - 26 chunks of flesh


   Skills:
 + Level 6.5 Fighting
 * Level 13.5 Axes
 + Level 2.0 Throwing
 + Level 6.5 Armour
 - Level 0.3 Dodging
 - Level 0.1 Stealth
 + Level 6.3 Shields


You had 9 spell levels left.
You didn't know any spells.
Your spell library contained the following spells:

 Spells                   Type           Power        Failure   Level  Hunger
 Animate Skeleton         Necr           N/A          100%        1    ##.....
 Apportation              Tloc           #.....       100%        1    ##.....
 Beastly Appendage        Tmut           #.....       100%        1    ##.....
 Confusing Touch          Hex            #.....       100%        1    ##.....
 Summon Small Mammal      Summ           #...         100%        1    ##.....
 Sticks to Snakes         Tmut           #.......     100%        2    ###....
 Spider Form              Tmut/Pois      #.........   100%        3    ####...
 Ice Form                 Ice/Tmut       #.......     100%        4    #####..
 Blade Hands              Tmut           #.........   100%        5    ######.


Dungeon Overview and Level Annotations

Branches:
Dungeon (7/15)             Temple (0/1) D:7

Altars:
Cheibriados
Dithmenos
Hepliaklqana
Okawaru
Ru
Trog
Vehumet
Wu Jian

Shops:
D:6 ?

Annotations:
D:6 1 runed translucent door, Kisielow's ghost, novice GrFi


Message History

You hit the orc warlord.
The orc warlord is moderately wounded.
You are no longer berserk.
You are exhausted.
You feel yourself slow down.
You hit the orc warlord.
The orc warlord is moderately wounded.
The orc no longer looks unusually strong. x2
The orc knight no longer looks unusually strong.
The orc warlord roars a battlecry!
The orcs go into a battle-frenzy!
You block the orc warlord's attack.
You feel much better.
The orc no longer looks unusually strong.
The orc knight no longer looks unusually strong.
The orc knight roars a battlecry!
The orcs go into a battle-frenzy!
The orc warlord hits you with a +5 battleaxe of freezing!!!
Ouch! That really hurt!
You die...

##.......## #.........#
##.........##
#######.....⌠.....#######
##.....##)[.......##.....##
#.......')).......')).....#
##.......##)......##)).....##
#.........#.......#.........#
##.........##88@88##.........##
#.....⌠.....###o###.....⌠.....#
#.........##


ooo ##.........## #.........# ooogg #.........# ##.......##.oggo..##.......##
#...)...#.........#.......# ##.....##.........##.....##
##)####...........####'## ##).)..## ##..)))## You could see an orc warlord, 3
orc knights, 2 orc warriors, a gnoll, 3 orcs, a hobgoblin and 2 goblins.

Vanquished Creatures
  Edmund (D:6)
  A water moccasin (D:6)
  Duvessa (D:6)
  8 orc warriors
  An ice beast (D:5)
  A sky beast (D:6)
  2 phantoms (D:4)
  2 centaurs
  4 ogres
  2 bullfrogs (D:6)
  A water moccasin zombie (D:6)
  3 scorpions
  Dowan (D:6)
  2 howler monkeys (D:4)
  3 crimson imps
  2 centaur skeletons
  A bullfrog zombie (D:5)
  A jelly (D:6)
  A hound (D:4)
  3 bullfrog skeletons
  2 iguanas
  Terence (D:3)
  3 orc wizards
  4 worker ants
  A hound skeleton (D:4)
  11 gnolls
  A howler monkey skeleton (D:5)
  2 worker ant zombies (D:6)
  9 adders
  2 shadow imps
  An ooze (D:4)
  An adder skeleton (D:6)
  4 worms
  4 dart slugs
  3 leopard geckos
  28 orcs
  6 bats
  5 giant cockroaches
  13 goblins
  30 hobgoblins
  4 kobolds
  5 quokkas
  3 ball pythons
  3 frilled lizards
  A jackal zombie (D:6)
  3 rats (D:1)
191 creatures vanquished.

Notes
Turn   | Place    | Note
-------+----------+-------------------------------------------
     0 | D:1      | LabCoat the Hill Orc Fighter began the quest for the Orb.
     0 | D:1      | Reached XP level 1. HP: 19/19 MP: 1/1
    98 | D:1      | Reached skill level 3 in Axes
   179 | D:1      | Reached XP level 2. HP: 27/27 MP: 2/2
   535 | D:1      | Reached XP level 3. HP: 33/33 MP: 3/3
   808 | D:2      | Reached skill level 4 in Axes
  1136 | D:2      | Reached XP level 4. HP: 40/40 MP: 4/4
  1524 | D:2      | Reached skill level 5 in Axes
  2012 | D:3      | Found a hazy altar of Hepliaklqana.
  2113 | D:3      | Noticed Terence
  2121 | D:3      | Killed Terence
  2121 | D:3      | Reached XP level 5. HP: 46/46 MP: 5/5
  2163 | D:3      | Found a radiant altar of Vehumet.
  2346 | D:3      | HP: 2/46 [poisoned by an adder]
  2352 | D:3      | HP: 2/69 [poisoned by an adder]
  2360 | D:3      | HP: 2/69 [poisoned by an adder]
  2943 | D:3      | Reached skill level 6 in Axes
  3331 | D:4      | Reached XP level 6. HP: 34/53 MP: 6/6
  3496 | D:4      | Noticed a phantom
  3557 | D:4      | Killed a phantom
  4092 | D:4      | Reached skill level 7 in Axes
  4112 | D:4      | HP: 1/53 [ogre/+0 giant club (14)]
  4121 | D:4      | Reached XP level 7. HP: 15/60 MP: 7/7
  4438 | D:4      | Reached skill level 5 in Fighting
  4438 | D:4      | Reached skill level 8 in Axes
  4438 | D:4      | Reached skill level 5 in Armour
  4446 | D:4      | Found an iron altar of Okawaru.
  4510 | D:4      | Reached XP level 8. HP: 68/68 MP: 8/8
  4621 | D:5      | Entered Level 5 of the Dungeon
  4664 | D:5      | Reached skill level 9 in Axes
  4705 | D:5      | Reached skill level 5 in Shields
  4782 | D:5      | Found an ornate altar of the Wu Jian Council.
  5057 | D:5      | Reached skill level 1 in Throwing
  5469 | D:5      | Found a sacrificial altar of Ru.
  5533 | D:6      | Reached skill level 10 in Axes
  5546 | D:6      | Found a bloodstained altar of Trog.
  5551 | D:6      | Became a worshipper of Trog the Wrathful
  5677 | D:6      | Found a snail-covered altar of Cheibriados.
  5678 | D:6      | Noticed Edmund
  5702 | D:6      | Killed Edmund
  5703 | D:6      | Reached skill level 11 in Axes
  5807 | D:6      | Reached XP level 9. HP: 53/74 MP: 9/9
  5937 | D:6      | Found a runed translucent door.
  6470 | D:6      | Noticed Duvessa
  6470 | D:6      | Noticed Dowan
  6479 | D:6      | Killed Dowan
  6491 | D:6      | Killed Duvessa
  6503 | D:6      | Found Yttitama's Magic Scroll Shoppe.
  6533 | D:6      | Bought a scroll of blinking for 97 gold pieces
  6533 | D:6      | Bought a scroll of enchant weapon for 97 gold pieces
  6533 | D:6      | Bought a scroll of identify for 26 gold pieces
  6533 | D:6      | Bought a scroll of identify for 26 gold pieces
  6533 | D:6      | Bought a scroll of identify for 26 gold pieces
  6575 | D:6      | Reached * piety under Trog
  6575 | D:6      | Reached skill level 12 in Axes
  6714 | D:6      | Noticed Kisielow's ghost (novice GrFi)
  6787 | D:7      | Found a staircase to the Ecumenical Temple.
  6819 | D:7      | Found a shadowy altar of Dithmenos.
  7193 | D:7      | Found a flagged portal.
  7202 | Bailey   | Entered a bailey
  7299 | Bailey   | Reached ** piety under Trog
  7344 | Bailey   | Reached skill level 13 in Axes
  7579 | Bailey   | Reached XP level 10. HP: 69/84 MP: 10/10
  7704 | Bailey   | Noticed an orc warlord
  7704 | Bailey   | Noticed an orc knight
  7706 | Bailey   | Noticed an orc knight
  7707 | Bailey   | Noticed an orc knight
  7727 | Bailey   | Mangled by an orc warlord

Skill      XL: |  1  2  3  4  5  6  7  8  9 |
---------------+----------------------------+-----
Axes           | 3 4 5 6 7 8 11 13 | 13.5
Fighting       | 4 5 6 |  6.5
Armour         | 4 5 6 |  6.5
Shields        | 4 5 6 |  6.3
Throwing       | 1 2 |  2.0
Dodging        | |  0.3
Stealth        | |  0.1

Action                   |  1- 3 |  4- 6 |  7- 9 | 10-12 || total
-------------------------+-------+-------+-------+-------++-------
Melee: War axe           |    89 |   230 |   411 |       ||   730
       Broad axe         |       |       |    15 |    30 ||    45
Throw: Tomahawk          |       |     2 |    42 |       ||    44
Invok: Berserk           |       |       |     1 |     1 ||     2
  Use: Scroll            |     3 |     6 |     8 |       ||    17
       Potion            |       |     5 |     1 |     1 ||     7
  Eat: Chunk             |     1 |     4 |     5 |       ||    10
       Ration            |       |     2 |     2 |       ||     4
Armor: Scale mail        |    37 |       |       |       ||    37
       Chain mail        |    20 |   134 |    84 |       ||   238
       Plate armour      |       |       |    70 |     7 ||    77
Dodge: Dodged            |    25 |    51 |    52 |     4 ||   132
Block: Shield            |    40 |   119 |   207 |     8 ||   374
